 Dungeon Crawl Stone Soup version 0.19-a0-594-g235f30c (webtiles) character file.

204622 Loup the Stormcaller (level 18, 0/107 HPs)
             Began as a Deep Elf Fire Elementalist on June 9, 2016.
             Was the Champion of Ashenzari.
             Slain by a merfolk
             ... wielding a +1 trident of flaming
              (1 damage)
             ... on level 1 of the Shoals on June 10, 2016.
             The game lasted 03:11:49 (49841 turns).

Loup the Stormcaller (Deep Elf Fire Elementalist)  Turns: 49841, Time: 03:11:50

Health: 0/107      AC: 12    Str:  5    XL:     18   Next: 1%
Magic:  4/54       EV: 17    Int: 33    God:    Ashenzari [******]
Gold:   2955       SH:  9    Dex: 15    Spells: 8 memorised, 7 levels left

rFire  . . .     SeeInvis +     a - staff of power (curse)
rCold  + . .     Gourm    .     v - +2 robe {Archmagi} (curse)
rNeg   . . .     Faith    .     h - +0 buckler (curse)
rPois  +         Spirit   .     x - +2 helmet
rElec  .         Dismiss  .     P - +0 cloak (curse)
rCorr  .         Reflect  +     W - +2 pair of gloves
SustAt .         Harm     .     S - +0 pair of boots
MR     +....     Clarity  +     p - +3 amulet of reflection (curse)
Stlth  ++........               y - ring of poison resistance (curse)
                                Z - ring "Sepsaul" {rC+ Int+4} (curse)

@: very slightly contaminated, deflect missiles, somewhat resistant to hostile
enchantments, unstealthy
A: talons 1
a: Curse Item, Scrying, Transfer Knowledge, Renounce Religion
}: 1/15 runes: gossamer


You were on level 1 of the Shoals.
You worshipped Ashenzari.
Ashenzari was exalted by your worship.
You were not hungry.

You visited 6 branches of the dungeon, and saw 31 of its levels.
You also visited: Labyrinth.

You collected 3800 gold pieces.
You spent 845 gold pieces at shops.

Inventory:

Armour
 f - a +0 robe
 h - a cursed +0 buckler (worn)
 v - a cursed +2 robe of the Archmagi (worn)
 x - a +2 helmet (worn)
 P - a cursed +0 cloak (worn)
 S - a +0 pair of boots (worn)
 W - a +2 pair of gloves (worn)
Magical Staves
 a - a cursed staff of power (weapon)
Jewellery
 p - a cursed +3 amulet of reflection (around neck)
 y - a cursed ring of poison resistance (right hand)
 Z - the cursed ring "Sepsaul" (left hand) {rC+ Int+4}
   (You found it in a labyrinth)

   [ring of protection from cold]

   It affects your intelligence (+4).
   It protects you from cold.
   It has a curse placed upon it.
Wands
 z - a wand of flame (33/48)
 C - a wand of hasting (4/9)
 F - a wand of flame (8/48)
 M - a wand of teleportation (4/9)
 Q - a wand of teleportation (7/9)
Scrolls
 g - 11 scrolls of magic mapping
 l - 4 scrolls of fog
 q - 5 scrolls of identify
 s - 2 scrolls of remove curse
 K - 2 scrolls of fear
 L - 5 scrolls of teleportation
Potions
 b - 2 potions of flight
 e - 3 potions of resistance
 i - 4 potions of cancellation
 j - 3 potions of haste
 t - 9 potions of curing
 B - a potion of brilliance
 G - 2 potions of agility
 I - a potion of magic
 J - 2 potions of heal wounds
Books
 D - a Necronomicon

   Spells                             Type                      Level
   a - Haunt                          Necromancy/Summoning         7
   b - Borgnjor's Revivification      Necromancy                   8
   c - Death's Door                   Charms/Necromancy            8
   d - Necromutation                  Transmutation/Necromancy     8
Comestibles
 c - 7 bread rations
 d - 10 slices of pizza
 k - 6 beef jerkies
 m - 2 chunks of flesh
 n - 2 royal jellies
 r - 8 fruits
 R - 11 meat rations


   Skills:
 - Level 10.1 Fighting
 - Level 7.1 Dodging
 + Level 6.6 Stealth
 - Level 5.0(7.9) Shields
 + Level 15.5(19.4) Spellcasting
 - Level 10.0(14.2) Conjurations
 - Level 10.5(14.7) Charms
 - Level 10.0(14.2) Fire Magic
 - Level 20.1(23.6) Air Magic
 - Level 10.1(14.3) Earth Magic
 - Level 0.4(2.0) Evocations


You had 7 spell levels left.
You knew the following spells:

 Your Spells              Type           Power        Failure   Level  Hunger
a - Iron Shot             Conj/Erth      ########..   1%          6    None
b - Flame Tongue          Conj/Fire      #####        0%          1    None
c - Fireball              Conj/Fire      ########..   1%          5    None
d - Deflect Missiles      Chrm/Air       ########..   1%          6    None
e - Lightning Bolt        Conj/Air       ########..   0%          5    None
f - Tornado               Air            ########..   10%         9    ######.
g - Regeneration          Chrm/Necr      #######...   1%          3    None
h - Haste                 Chrm           ########     1%          6    None


Dungeon Overview and Level Annotations

Branches:
Dungeon (15/15)            Temple (1/1) D:4            Lair (8/8) D:9
 Shoals (1/4) Lair:5       Spider (4/4) Lair:6        Slime (0/6) Lair:8
    Orc (2/2) D:10            Elf (0/3) Orc:2        Vaults (0/5) D:13
 Depths (0/5) D:15

Altars:
Ashenzari
Cheibriados
Dithmenos
Elyvilon
Fedhas
Gozag
Hepliaklqana
Kikubaaqudgha
Makhleb
Nemelex Xobeh
Okawaru
Pakellas
Qazlal
Ru
Sif Muna
Trog
Uskayaw
Vehumet
Xom
Yredelemnul
Zin
The Shining One
Beogh
Jiyva

Shops:
D:8 *([   D:10 (   D:11 (   Orc:2 }[(}}

Annotations:
D:6 exclusion: statue


Innate Abilities, Weirdness & Mutations

You have sharp toenails.


Message History

The merfolk avatar chants a haunting song.
You are unaffected.
You feel much better.
The shadowy forms in the deep grow still as others approach.
The water elemental barely misses you.
The merfolk avatar chants a haunting song.
You are unaffected.
The water elemental barely misses you.
The merfolk avatar chants a haunting song.
You are unaffected.
The merfolk hits you but does no damage.
The manticore bites you!!
* * * LOW HITPOINT WARNING * * *
The manticore claws you.
* * * LOW HITPOINT WARNING * * *
The manticore claws you but does no damage.
You block the water elemental's attack.
The merfolk hits you from afar with a trident of flaming.
* * * LOW HITPOINT WARNING * * *
The merfolk burns you.
You die...

, ,≈ ≈ ≈≈ ≈≈≈≈≈≈≈≈≈≈≈≈≈≈≈≈≈≈* *
, ≈≈≈≈≈≈≈≈≈≈≈≈≈≈≈≈≈≈≈≈≈ *
...≈≈≈≈≈≈≈≈≈≈≈≈≈≈≈≈≈≈≈≈≈≈≈≈≈≈ *
..≈≈≈≈≈≈≈≈≈≈≈≈≈≈.≈≈≈≈≈≈≈≈≈≈≈≈*
**#.≈≈≈≈≈≈≈≈≈≈≈≈≈≈...≈≈≈≈≈≈≈≈w≈*
###.≈≈≈≈≈≈≈≈≈≈≈≈≈...<.≈≈≈≈≈≈≈w *
#..(≈≈≈≈≈≈≈≈≈≈≈≈..###..≈≈≈≈≈≈w≈*
##.≈≈≈≈≈≈≈≈≈≈≈≈≈..###..≈≈≈≈≈≈≈
..≈≈≈≈≈≈≈m≈≈≈≈≈H@...)≈≈≈≈≈≈≈≈≈ *
.≈.H≈≈≈≈≈≈≈≈≈≈mE≈...≈≈≈≈≈≈≈≈≈≈ *
.(≈≈≈≈≈≈≈≈≈≈≈≈≈≈≈≈≈≈≈÷≈≈≈≈≈≈≈≈≈
(≈≈≈≈≈≈≈≈≈≈≈≈≈≈≈≈≈≈≈≈≈≈≈≈≈≈≈≈≈
≈≈≈≈≈≈≈≈≈≈≈≈≈≈≈≈≈≈≈≈≈≈≈≈≈≈≈≈≈≈≈*
≈≈≈≈≈≈≈≈≈≈≈≈≈..≈≈≈≈≈≈≈≈≈≈≈≈≈≈≈ *
)≈≈≈≈≈≈≈≈≈≈≈≈≈≈≈≈≈≈≈≈≈≈≈≈≈≈≈≈≈
≈≈≈≈≈≈≈≈≈≈≈≈≈≈≈≈≈≈≈≈≈≈≈≈≈≈≈≈≈≈≈*
≈≈≈≈≈≈≈≈≈≈≈≈..##...≈≈≈≈≈≈≈≈≈≈≈


You could see a merfolk avatar, a merfolk, a manticore and a water elemental.

Vanquished Creatures
  Nikola (Shoals:1)
  Arachne (Spider:4)
  Gastronok (Lair:3)
  A kraken (Shoals:1)
  A storm dragon (D:15)
  Wiglaf (Spider:4)
  2 fire giants (D:15)
  4 ghost moths (Spider:4)
  2 orc warlords (Orc:2)
  7 emperor scorpions
  The ghost of edsrzf the Sorcerer, an adept DEEn of Gozag (Spider:4)
  2 frost giants (D:15)
  2 stone giants
  The ghost of Ryco the Severer, a journeyman DDFi of Makhleb (Spider:3)
  A spark wasp (Spider:2)
  The ghost of Ryco the Severer, a journeyman DDFi of Makhleb (Lair:8)
  2 ettins
  2 fire dragons (Lair:8)
  A minotaur (Lab)
  Josephine (Spider:1)
  A yaktaur captain (D:13)
  A ghost crab (shapeshifter) (D:14)
  An entropy weaver (Spider:1)
  8 hydras
  2 catoblepae (Lair:7)
  3 centaur warriors
  A queen ant (D:12)
  An ogre mage (D:15)
  8 death yaks
  A deep troll earth mage (D:15)
  Urug (Lair:1)
  4 orc high priests (Orc:2)
  A spriggan (Lair:6)
  Nergalle (Lair:1)
  2 flayed ghosts (D:15)
  5 unseen horrors
  A sea snake (Shoals:1)
  2 phantasmal warriors (D:15)
  4 hill giants
  4 orc knights (Orc:2)
  2 lindwurms (Lair:8)
  17 orb spiders
  4 harpies (Shoals:1)
  6 griffons
  6 orc sorcerers
  An oklob plant (Lair:4)
  3 wizards
  7 manticores
  3 cyclopes
  9 ugly things
  2 deep elf magi (D:15)
  8 hornets
  2 moths of wrath
  16 wolf spiders
  4 fauns (Shoals:1)
  2 black mambas (Lair:7)
  A siren (Shoals:1)
  Joseph (D:9)
  8 elephants
  10 torpor snails
  2 gargoyles
  20 spiny frogs
  13 komodo dragons
  2 yaktaurs (D:13)
  11 rime drakes
  A freezing wraith (D:15)
  4 trolls
  16 demonic crawlers
  22 jumping spiders
  A merfolk (Shoals:1)
  9 meliai
  4 giant leeches (Lair:8)
  A wind drake (shapeshifter) (D:14)
  2 two-headed ogres
  A meliai zombie (D:15)
  10 slime creatures
  9 blink frogs
  A hornet zombie (D:14)
  4 shadows
  77 redbacks
  5 wraiths
  A human (D:7)
  8 wyverns
  A hog (D:7)
  62 yaks
  Sigmund (D:5)
  27 tarantellas
  8 basilisks
  4 steam dragons
  5 hungry ghosts
  2 vampire mosquitoes (D:12)
  13 hippogriffs
  5 wargs (Orc:2)
  Edmund (D:5)
  20 soldier ants (D:12)
  20 water moccasins
  5 sky beasts
  Duvessa (D:5)
  32 orc warriors
  10 porcupines
  4 ice beasts
  4 phantoms
  A black bear (D:10)
  4 wasps
  2 eyes of draining
  A necrophage (D:11)
  12 ogres
  21 centaurs
  27 crocodiles
  3 big kobolds
  34 giant frogs
  A wyvern zombie (D:11)
  Dowan (D:5)
  5 scorpions
  23 wights
  6 jellies
  2 vampire bats (Lair:4)
  4 howler monkeys
  10 crimson imps
  7 centaur zombies
  A giant frog zombie (D:6)
  A quasit (D:12)
  13 hounds
  18 orc wizards
  20 orc priests
  A jelly (shapeshifter) (D:14)
  3 centaur skeletons
  2 giant frog skeletons
  17 iguanas
  Natasha (thrice) (D:3)
  29 worker ants
  28 sheep
  2 hound skeletons
  3 howler monkey zombies
  79 river rats
  13 adders
  4 shadow imps
  A white imp (Spider:1)
  An adder skeleton (D:10)
  2 adder zombies
  19 worms
  2 dart slugs (D:1)
  A giant gecko (D:6)
  96 orcs
  7 giant cockroaches
  6 goblins
  7 hobgoblins
  10 jackals
  24 kobolds
  4 quokkas
  6 ball pythons
  11 bats
  3 giant newts
  30 rats
  2 bushes
  3 fungi
  8 plants
1292 creatures vanquished.

Vanquished Creatures (others)
  2 centaur warriors (D:15)
  2 fauns (Shoals:1)
  A siren (Shoals:1)
  A centaur (D:14)
  2 orc wizards (Orc:2)
  A bush (Lair:6)
  58 fungi
  40 plants
  8 tentacles (Shoals:1)
115 creatures vanquished.

Grand Total: 1407 creatures vanquished

Notes
Turn   | Place    | Note
--------------------------------------------------------------
     0 | D:1      | Loup the Deep Elf Fire Elementalist began the quest for the Orb.
     0 | D:1      | Reached XP level 1. HP: 10/10 MP: 6/6
   267 | D:1      | Reached XP level 2. HP: 7/15 MP: 0/8
  1044 | D:1      | Reached XP level 3. HP: 19/19 MP: 3/9
  1774 | D:2      | Reached XP level 4. HP: 19/24 MP: 2/10
  1883 | D:2      | Found a faded altar of an unknown god.
  2113 | D:2      | Found a sacrificial altar of Ru.
  2207 | D:2      | Noticed an ogre
  2296 | D:2      | Learned a level 3 spell: Conjure Flame
  2351 | D:2      | Killed an ogre
  2351 | D:2      | Reached skill level 5 in Fire Magic
  2351 | D:2      | Reached XP level 5. HP: 28/28 MP: 0/11
  3070 | D:3      | Noticed Natasha
  3077 | D:3      | Killed Natasha
  3077 | D:3      | Reached skill level 5 in Conjurations
  3130 | D:3      | Noticed Natasha
  3133 | D:3      | Killed Natasha
  3133 | D:3      | Reached XP level 6. HP: 32/32 MP: 9/12
  3144 | D:3      | Noticed Natasha
  3147 | D:3      | Killed Natasha
  3505 | D:4      | Learned a level 5 spell: Fireball
  3687 | D:4      | Found a staircase to the Ecumenical Temple.
  3704 | Temple   | Entered the Ecumenical Temple
  3944 | D:4      | Reached XP level 7. HP: 36/36 MP: 8/13
  4030 | D:4      | Found a blossoming altar of Fedhas.
  4077 | D:4      | Found a burning altar of Makhleb.
  4940 | D:5      | Entered Level 5 of the Dungeon
  5002 | D:5      | Noticed Edmund
  5276 | D:5      | Killed Edmund
  5428 | D:5      | Reached XP level 8. HP: 28/41 MP: 14/14
  5617 | D:5      | Noticed Sigmund
  5619 | D:5      | Killed Sigmund
  6071 | D:5      | Noticed Duvessa
  6076 | D:5      | Noticed Dowan
  6084 | D:5      | Killed Duvessa
  6087 | D:5      | Killed Dowan
  6593 | D:6      | Reached XP level 9. HP: 36/45 MP: 3/15
  7180 | D:6      | Found a hazy altar of Hepliaklqana.
  7233 | D:6      | Found a radiant altar of Vehumet.
  8009 | D:6      | Got a transparent ring mail
  8620 | D:7      | Reached skill level 10 in Fire Magic
  8685 | D:6      | Reached skill level 5 in Stealth
  8685 | D:6      | Reached skill level 10 in Conjurations
  8882 | D:7      | Reached skill level 1 in Shields
  9188 | D:7      | Learned a level 6 spell: Deflect Missiles
  9588 | D:7      | Reached skill level 5 in Spellcasting
  9862 | D:8      | Reached skill level 5 in Dodging
  9923 | D:8      | Found an ancient bone altar of Kikubaaqudgha.
  9923 | D:8      | Found a sparkling altar of Nemelex Xobeh.
  9924 | D:8      | Found a hazy altar of Hepliaklqana.
  9924 | D:8      | Found a basalt altar of Yredelemnul.
  9925 | D:8      | Found a shattered altar of Ashenzari.
  9925 | D:8      | Found a hide-covered altar of Uskayaw.
  9926 | D:8      | Found a deep blue altar of Sif Muna.
  9934 | D:8      | Reached XP level 10. HP: 50/50 MP: 20/20
  9939 | D:8      | Became a worshipper of Ashenzari the Shackled
  9953 | D:8      | Identified the +2 ring mail "Untoh" {+Blink rCorr Dex+2 Slay+6} (You found it on level 6 of the Dungeon)
  9991 | D:8      | Learned a level 5 spell: Lightning Bolt
  9997 | D:8      | Found Zid Xaru's Antique Armour Boutique.
 10005 | D:8      | Bought a glowing cloak for 148 gold pieces
 10025 | D:8      | Noticed a brown ugly thing
 10029 | D:8      | Killed a brown ugly thing
 10169 | D:8      | Found Ifepeis's Weapon Shoppe.
 10414 | D:8      | Identified the ring "Haheikhu" {rC- AC+2 Str+5 Int-3 Stlth+}
 10521 | D:8      | Found a shadowy altar of Dithmenos.
 10780 | D:8      | Found Heh Liga's Assorted Antiques.
 10788 | D:8      | Bought a scroll of identify for 44 gold pieces
 10788 | D:8      | Bought a scroll of identify for 44 gold pieces
 10788 | D:8      | Bought a scroll of identify for 44 gold pieces
 10939 | D:8      | Found a glowing silver altar of Zin.
 10939 | D:8      | Found a white marble altar of Elyvilon.
 10940 | D:8      | Found a glowing golden altar of the Shining One.
 11343 | D:9      | Noticed Joseph
 11571 | D:9      | Killed Joseph
 12073 | D:9      | Found an oddly glowing altar of Pakellas.
 12097 | D:9      | Reached skill level 1 in Fighting
 12411 | D:9      | Reached skill level 5 in Shields
 12437 | D:9      | Found a staircase to the Lair.
 12938 | D:9      | Reached skill level 1 in Charms
 12938 | D:9      | Reached XP level 11. HP: 50/60 MP: 25/25
 13225 | D:10     | Entered Level 10 of the Dungeon
 13258 | Lair:1   | Entered Level 1 of the Lair of Beasts
 13266 | Lair:1   | Reached skill level 1 in Air Magic
 13521 | Lair:1   | Noticed Nergalle
 13526 | Lair:1   | Reached skill level 2 in Air Magic
 13535 | Lair:1   | Killed Nergalle
 13731 | Lair:1   | Reached skill level 3 in Air Magic
 13886 | Lair:1   | Reached * piety under Ashenzari
 14097 | Lair:1   | Reached skill level 5 in Charms
 14100 | Lair:1   | Noticed Urug
 14104 | Lair:1   | Killed Urug
 14162 | Lair:1   | Reached skill level 4 in Air Magic
 15019 | Lair:2   | Noticed a four-headed hydra
 15022 | Lair:2   | Reached skill level 10 in Spellcasting
 15195 | Lair:1   | Killed a four-headed hydra
 15195 | Lair:1   | Reached skill level 5 in Air Magic
 16011 | Lair:2   | Reached ** piety under Ashenzari
 16032 | Lair:2   | Reached XP level 12. HP: 64/64 MP: 28/28
 16160 | Lair:2   | Reached skill level 6 in Air Magic
 16605 | Lair:3   | Noticed a four-headed hydra
 16625 | Lair:3   | Killed a four-headed hydra
 16920 | Lair:3   | Noticed Gastronok
 16940 | Lair:3   | Killed Gastronok
 16940 | Lair:3   | Reached skill level 10 in Charms
 16940 | Lair:3   | Reached skill level 7 in Air Magic
 17194 | Lair:3   | Found a stormy altar of Qazlal.
 17380 | Lair:3   | Reached skill level 8 in Air Magic
 18096 | Lair:4   | Reached *** piety under Ashenzari
 18182 | Lair:4   | Reached skill level 9 in Air Magic
 18233 | Lair:4   | Noticed a death yak
 18234 | Lair:4   | Noticed a death yak
 18234 | Lair:4   | Noticed a death yak
 18234 | Lair:4   | Noticed a death yak
 18236 | Lair:4   | Noticed a death yak
 18238 | Lair:4   | Killed a death yak
 18241 | Lair:4   | Killed a death yak
 18245 | Lair:4   | Killed a death yak
 18246 | Lair:4   | Killed a death yak
 18246 | Lair:4   | Reached skill level 10 in Air Magic
 18260 | Lair:4   | Killed a death yak
 18689 | Lair:4   | Noticed an eight-headed hydra
 18692 | Lair:4   | Killed an eight-headed hydra
 18885 | Lair:4   | Reached skill level 11 in Air Magic
 18900 | Lair:4   | Reached XP level 13. HP: 46/68 MP: 19/30
 19074 | Lair:4   | Learned a level 6 spell: Iron Shot
 19423 | Lair:5   | Reached skill level 1 in Earth Magic
 19678 | Lair:5   | Found a staircase to the Shoals.
 20372 | Lair:5   | Reached **** piety under Ashenzari
 21048 | Lair:6   | Reached skill level 5 in Earth Magic
 21184 | Lair:6   | Found a hole to the Spider Nest.
 21312 | Lair:6   | Reached skill level 12 in Air Magic
 24025 | Lair:7   | Reached XP level 14. HP: 74/74 MP: 31/32
 24363 | Lair:8   | Entered Level 8 of the Lair of Beasts
 24719 | Lair:8   | Noticed Ryco's ghost (journeyman DDFi)
 24736 | Lair:8   | Killed Ryco's ghost
 24913 | Lair:8   | Reached skill level 13 in Air Magic
 26238 | Lair:8   | Found a viscous altar of Jiyva.
 26239 | Lair:8   | Found a staircase to the Slime Pits.
 26366 | Lair:8   | Found a runed door.
 28520 | Lair:8   | Reached skill level 10 in Earth Magic
 29142 | Lair:1   | Learned a level 9 spell: Tornado
 29146 | Lair:1   | Learned a level 3 spell: Regeneration
 29153 | Lair:1   | Learned a level 6 spell: Haste
 29324 | D:10     | Found Silarad's Weapon Shoppe.
 29485 | D:10     | Reached ***** piety under Ashenzari
 29582 | D:10     | Reached skill level 14 in Air Magic
 29905 | D:10     | Found a staircase to the Orcish Mines.
 30109 | D:11     | Found a labyrinth entrance.
 30121 | Lab      | Entered a labyrinth
 30881 | Lab      | Reached XP level 15. HP: 78/78 MP: 35/35
 30888 | Lab      | Got the cursed war axe of the Gloaming {venom, rElec Str+3 Stlth-}
 30897 | Lab      | Identified the ring "Sepsaul" {rC+ Int+4}
 30918 | D:11     | Found a roughly hewn altar of Beogh.
 30943 | D:11     | Reached skill level 15 in Spellcasting
 31812 | D:11     | Found Muluf's Weapon Shop.
 32165 | Orc:1    | Entered Level 1 of the Orcish Mines
 32609 | Orc:2    | Entered Level 2 of the Orcish Mines
 32904 | Orc:2    | Found Afrael's Gadget Boutique.
 33145 | Orc:2    | Reached skill level 15 in Air Magic
 33147 | Orc:2    | Found a staircase to the Elven Halls.
 33978 | Orc:2    | Noticed an orc warlord
 34592 | Orc:2    | Killed an orc warlord
 34916 | Orc:2    | Noticed an orc warlord
 34922 | Orc:2    | Killed an orc warlord
 34937 | Orc:2    | HP: 4/80 [orc priest/divine providence[an orc warlord] (14)]
 35516 | Orc:2    | Found Dyenoum's Gadget Shoppe.
 35516 | Orc:2    | Found Udobba Loklu's Gadget Boutique.
 35732 | Orc:2    | Found Keupisun's Armour Shoppe.
 35732 | Orc:2    | Found Eciperam's Antique Weapon Boutique.
 35741 | Orc:2    | Bought a +2 robe of the Archmagi for 565 gold pieces
 35998 | D:12     | Reached skill level 5 in Fighting
 37543 | D:13     | Reached ****** piety under Ashenzari
 37550 | D:13     | Reached skill level 16 in Air Magic
 38174 | D:13     | Found a gate to the Vaults.
 39803 | D:14     | Reached XP level 16. HP: 90/90 MP: 33/37
 40025 | D:15     | Entered Level 15 of the Dungeon
 40334 | D:15     | Found a huge runed gate.
 40334 | D:15     | Found a huge runed gate.
 40334 | D:15     | Found a huge runed gate.
 40334 | D:15     | Found a huge runed gate.
 40334 | D:15     | Found a huge runed gate.
 40334 | D:15     | Found a huge runed gate.
 40334 | D:15     | Found a huge runed gate.
 40334 | D:15     | Found a huge runed gate.
 40334 | D:15     | Found a huge runed gate.
 40454 | D:15     | Found a huge runed gate.
 40454 | D:15     | Found a huge runed gate.
 40454 | D:15     | Found a huge runed gate.
 40454 | D:15     | Found a huge runed gate.
 40454 | D:15     | Found a huge runed gate.
 40454 | D:15     | Found a huge runed gate.
 40454 | D:15     | Found a huge runed gate.
 40485 | D:15     | Found a huge runed gate.
 40485 | D:15     | Found a huge runed gate.
 40485 | D:15     | Found a huge runed gate.
 40485 | D:15     | Found a huge runed gate.
 40485 | D:15     | Found a huge runed gate.
 40485 | D:15     | Found a huge runed gate.
 40485 | D:15     | Found a huge runed gate.
 41078 | D:15     | Found a staircase to the Depths.
 41363 | D:15     | Noticed a storm dragon
 41369 | D:15     | Reached skill level 17 in Air Magic
 41373 | D:15     | Killed a storm dragon
 41829 | Spider:1 | Entered Level 1 of the Spider Nest
 41829 | Spider:1 | Noticed Josephine
 41832 | Spider:1 | Killed Josephine
 42422 | Spider:1 | Upgraded the game from 0.19-a0-583-g665d810 to 0.19-a0-594-g235f30c
 42636 | Spider:1 | Gained mutation: You have sharp toenails. [potion of beneficial mutation]
 43706 | Spider:2 | Identified the ring "Kaxtaf" {SustAt Int+2 Dex+2}
 43881 | Spider:2 | Reached XP level 17. HP: 66/101 MP: 8/38
 43912 | Spider:2 | Reached skill level 10 in Fighting
 44722 | Spider:3 | Reached skill level 18 in Air Magic
 45597 | Spider:3 | Noticed Ryco's ghost (journeyman DDFi)
 45603 | Spider:3 | Killed Ryco's ghost
 46411 | Spider:4 | Entered Level 4 of the Spider Nest
 46587 | Spider:4 | Identified the +4 mace "Eleh Ytio" {holy, +Blink +Fly Stlth+}
 46996 | Spider:4 | Noticed edsrzf's ghost (adept DEEn)
 47009 | Spider:4 | Killed edsrzf's ghost
 47205 | Spider:4 | Noticed Arachne
 47211 | Spider:4 | Killed Arachne
 47240 | Spider:4 | Identified the cursed +1 war axe of the Gloaming {venom, rElec Str+3 Stlth-} (You found it in a labyrinth)
 47309 | Spider:4 | Noticed Wiglaf
 47312 | Spider:4 | Killed Wiglaf
 47535 | Spider:4 | Reached skill level 19 in Air Magic
 48772 | Spider:4 | Reached skill level 20 in Air Magic
 49125 | Spider:4 | Got a gossamer rune of Zot
 49622 | Shoals:1 | Entered Level 1 of the Shoals
 49623 | Shoals:1 | Noticed a kraken
 49627 | Shoals:1 | Killed a kraken
 49785 | Shoals:1 | Noticed Nikola
 49792 | Shoals:1 | Killed Nikola
 49795 | Shoals:1 | Reached XP level 18. HP: 104/107 MP: 13/39
 49841 | Shoals:1 | HP: 1/107 [merfolk/trident of flaming (5)]
 49841 | Shoals:1 | Slain by a merfolk

Vault maps used:
D:1:      erik_arrival_orb_chamber
D:2:      lemuel_round_altar, ecumenical_altar_1, minmay_misc_feat_tiny
D:3:      wad_pebble_path, uniq_natasha
D:4:      bloody_makhleb, lemuel_crystal_altar, minmay_temple_entry_butterflies
D:5:      first_bread, dk_rats_in_the_wall, uniq_duvessa, uniq_edmund,
          uniq_sigmund
D:6:      vehumet_statue, basic_altar, st_stairs_13
D:7:      grunt_livestock, feat_on_display
D:8:      good_gods_temple_1, nicolae_dithmenos_through_a_glass_darkly,
          grunt_temple_overflow_open, serial_shops,
          nicolae_shop_competitors_out_of_business, shop,
          nicolae_shop_statue_plus
D:9:      grunt_pakellas_basics, minmay_lair_entry_grove, uniq_joseph
D:10:     orc_0_dummy, serial_shops, shop_fountains, minmay_misc_feat_alley,
          small_statue_alley_a, kennysheep_small_circle
D:11:     serial_shops, nicolae_shop_crystal, special_room, lab_entry_generic
D:12:     minivault_29
D:13:     david_vaults_2
D:14:     bh_chokoban
D:15:     grunt_enter_depths_magical_seal, minivault_24, door_vault
Temple:   hc_temple_tempest_star_small
Lair:1:   uniq_nergalle, uniq_urug
Lair:3:   basic_altar, pond, infiniplex_staircase_pool_2, grunt_megastairs_3,
          uniq_gastronok
Lair:4:   roderic_batcave, grunt_megastairs_5
Lair:5:   minmay_shoals_entry_centaurs, minmay_lair_drake_nest
Lair:6:   nicolae_spider_entry_orb_guardian, st_stairs_7, wad_woods_06,
          grunt_forest_large_clearings, lemuel_fruit_fields
Lair:7:   nicolae_lair_yak_garden
Lair:8:   wormcave, guppyfry_lair_end_dragon, dpeg_slime_entry_enclosed_altar,
          special_room
Shoals:1: serial_shops, nicolae_shop_overgrown_old_shop, shop,
          nicolae_shop_stone, shop, nicolae_shop_temple_entry_statues_fountains,
          uniq_nikola
Spider:1: nicolae_crawler_farm, uniq_josephine
Spider:2: nicolae_spider_webbed_stairs
Spider:3: nicolae_spider_circle_web
Spider:4: spider_rune_water, uniq_arachne, uniq_wiglaf
Orc:2:    grunt_orc_tribal_feast, serial_shops, shop
Lab:      lab_block, nicolae_lab_diamond, lab_statue, labyrinth_glass_1

Skill      XL: |  1  2  3  4  5  6  7  8  9 10 11 12 13 14 15 16 17 |
---------------+----------------------------------------------------+-----
Conjurations   | 2 3 4 5 6 7 9 10 | 10.0
Fire Magic     | 4 5 6 7 9 10 | 10.0
Stealth        | 5 6 |  6.6
Dodging        | 5 7 |  7.1
Shields        | 2 5 |  5.0
Spellcasting   | 5 8 10 11 12 14 15 | 15.5
Fighting       | 3 6 9 10 | 10.1
Charms         | 1 8 10 | 10.5
Air Magic      | 5 11 12 14 16 17 20 | 20.1
Earth Magic    | 7 10 | 10.1
Evocations     | |  0.4

Action                   |  1- 3 |  4- 6 |  7- 9 | 10-12 | 13-15 | 16-18 || total
-------------------------+-------+-------+-------+-------+-------+-------++-------
Melee: Unarmed           |    19 |     1 |       |       |       |       ||    20
       Staff             |       |     3 |    53 |    61 |   177 |    26 ||   320
       Morningstar       |       |       |    22 |    55 |    21 |       ||    98
 Cast: Flame Tongue      |    84 |   110 |   258 |   422 |   385 |    33 ||  1292
       Conjure Flame     |       |     1 |     1 |     1 |       |       ||     3
       Fireball          |       |       |    35 |   143 |   138 |    77 ||   393
       Lightning Bolt    |       |       |       |     4 |    13 |     1 ||    18
       Deflect Missiles  |       |       |       |     1 |     3 |       ||     4
       Iron Shot         |       |       |       |       |   461 |   227 ||   688
       Tornado           |       |       |       |       |       |    16 ||    16
       Regeneration      |       |       |       |       |       |     2 ||     2
       Haste             |       |       |       |       |       |     1 ||     1
Invok: Curse Item        |       |       |       |     4 |     2 |     1 ||     7
Evoke: Wand              |       |       |     1 |       |       |       ||     1
  Use: Scroll            |       |     5 |     2 |     8 |    14 |    11 ||    40
       Potion            |       |       |     1 |     2 |       |    10 ||    13
 Stab: Invisible         |       |       |     3 |       |       |       ||     3
       Distracted        |       |       |       |       |     1 |       ||     1
  Eat: Chunk             |     2 |     7 |    16 |    27 |   116 |    20 ||   188
       Beef jerky        |       |       |     1 |     1 |       |     1 ||     3
       Bread ration      |       |       |     2 |     3 |     1 |     1 ||     7
       Fruit             |       |       |     1 |     6 |    23 |     4 ||    34
       Meat ration       |       |       |     1 |     1 |       |     2 ||     4
       Pizza             |       |       |       |       |     2 |     3 ||     5
Armor: Robe              |    14 |    10 |    40 |    31 |    51 |    56 ||   202
Dodge: Dodged            |    36 |    32 |   138 |   158 |   201 |   170 ||   735
       Deflected         |       |       |       |       |    29 |    14 ||    43
Block: Other             |       |       |    26 |    11 |       |       ||    37
       Reflection        |       |       |     3 |     5 |    15 |     9 ||    32
       Buckler           |       |       |       |    66 |   147 |   110 ||   323
